AoeStats
← Ten Letters

African Clearing

503969971Analyzed
2v2 RM · 29d ago on Sep 3, 2026· 34m 27s· 4 players
Game mode
Random Map
Map size
Medium (4 player)
Population
200
Speed
Normal
Resources
Standard
Victory
Conquest
Starting age
Dark Age
Ending age
Imperial Age
RankedLock teamsTeams togetherTeam positionsShared explorationLock speedFull tech treeHidden civsTurbo modeCheats
Victory
Defeat
🇺🇸 Magyars · United States
834
+9
🇺🇸 Italians · United States
817
+10
🇬🇧 Britons · United Kingdom
753
-31
🇳🇱 Georgians · Netherlands
613
-7
Ten Letters
18:06 Feudal Age
16:23 Loom
19:35 Wheelbarrow
18:56 Double-Bit Axe
20:05 Gold Mining
29:39 Castle Age
28:33 Forging
29:18 Arson
30:52 Crossbowman
33:35 Iron Casting
33:01 Scale Mail Armor
33:26 Hand Cart
33:30 Fletching
33:41 Padded Archer Armor
JesseThebeast67
6:49 Loom
14:17 Feudal Age
15:16 Double-Bit Axe
17:00 Wheelbarrow
16:12 Horse Collar
17:57 Gold Mining
22:50 Stone Mining
28:57 Castle Age
30:01 Hand Cart
30:21 Loom
30:41 Heavy Plow
30:55 Bow Saw
31:22 Stone Shaft Mining
Who Keef Rirrie?
11:31 Loom
14:13 Feudal Age
16:32 Double-Bit Axe
17:43 Fletching
21:06 Castle Age
21:31 Crossbowman
22:40 Horse Collar
23:36 Bow Saw
25:42 Ballistics
27:53 Thumb Ring
29:10 Treadmill Crane
29:41 Masonry
32:44 Bodkin Arrow
32:49 Padded Archer Armor
34:48 Heavy Plow
34:49 Gold Mining
Who Keef Rirrie??
13:05 Feudal Age
11:24 Loom
13:54 Double-Bit Axe
20:49 Castle Age
19:28 Wheelbarrow
21:10 Scale Barding Armor
21:21 Bloodlines
23:24 Bow Saw
23:56 Stone Mining
25:41 Gold Mining
27:09 Corvinian Army
28:58 Gold Shaft Mining
28:11 Horse Collar
28:46 Husbandry
32:06 Chain Barding Armor
Connection lost

Rejoining the realm…

Still unreachable

The connection could not be restored.

Session expired

The server has moved on; the page needs a fresh start.